 Dungeon Crawl Stone Soup version 0.31-a0-986-g5e6e4ef867 (webtiles) character file.

Game seed: 7725755016098704577

0 pablusdiablus the Fighter (level 1, 26/26 HPs)
             Began as a Gnoll Wanderer on Oct 1, 2021.
             Quit the game on level 1 of the Dungeon on Nov 5, 2023.
             The game lasted 00:02:46 (129 turns).

pablusdiablus the Fighter (Gnoll Wanderer)           Turns: 129, Time: 00:02:47

Health: 26/26      AC:  6    Str: 12    XL:     1   Next: 10%
Magic:  1/1        EV: 10    Int: 12    God:
Gold:   0          SH:  0    Dex:  9    Spells: 0/0 levels left

rFire   . . .        a - +2 shortbow
rCold   . . .        (shield currently unavailable)
rNeg    . . .        c - +0 ring mail
rPois   .            (no helmet)
rElec   .            (no cloak)
rCorr   .            (no gloves)
SInv    .            (no boots)
Will    .....        (no amulet) Stlth
                     (no ring)
HPRegen 0.24/turn    (no ring)
MPRegen 0.07/turn

%: no passive effects
@: no status effects
A: fangs 1, strong nose, distributed training
a: no special abilities


You were on level 1 of the Dungeon.
You visited 1 branch of the dungeon, and saw 1 of its levels.

Inventory:

Hand Weapons
 a - a +2 shortbow (weapon)
Missiles
 b - 20 arrows
Armour
 c - a +0 ring mail (worn)
Scrolls
 d - a scroll of teleportation
 e - a scroll of identify {unknown}
 f - 2 scrolls of fog


   Skills:
 + Level 8.4 Fighting
 + Level 0.0 Short Blades
 + Level 0.0 Long Blades
 + Level 0.0 Axes
 + Level 0.0 Maces & Flails
 + Level 0.0 Polearms
 + Level 0.0 Staves
 + Level 2.3 Ranged Weapons
 + Level 0.0 Throwing
 + Level 6.4 Armour
 + Level 0.0 Dodging
 + Level 0.0 Stealth
 + Level 2.3 Shields
 + Level 0.0 Unarmed Combat
 + Level 0.0 Spellcasting
 + Level 0.0 Conjurations
 + Level 0.0 Hexes
 + Level 0.0 Summonings
 + Level 0.0 Necromancy
 + Level 0.0 Translocations
 + Level 0.0 Transmutations
 + Level 0.0 Fire Magic
 + Level 0.0 Ice Magic
 + Level 0.0 Air Magic
 + Level 0.0 Earth Magic
 + Level 0.0 Poison Magic
 + Level 0.0 Invocations
 + Level 2.3 Evocations
 + Level 0.0 Shapeshifting


You couldn't memorise any spells.
You didn't know any spells.
Your spell library was empty.

Dungeon Overview and Level Annotations

Branches:
Dungeon (1/15)

Altars:


Innate Abilities, Weirdness & Mutations

You have very sharp teeth.
Your uncanny sense of smell can sniff out nearby items.
Your experience applies equally to all skills.


Message History

Unknown command.
Unknown command.
Unknown command.
There is a stone staircase leading down here.
Found 9 stones.
You open the door.
There is an open door here.
Found a sling.
A rat comes into view.
You shoot an arrow. The arrow hits the rat.
You kill the rat!
No target in view!
No target in view!
No target in view!
No target in view!
No target in view!
No target in view!
No target in view!
No target in view!
No target in view!
No target in view!
No target in view!
No target in view!
No target in view!
No target in view!
No target in view!
No target in view!
No target in view!
No target in view!
No target in view!
No target in view!
No target in view!
No target in view!
You aren't carrying any potions.
Sorry, you're not good enough to have a special ability.
Unknown command.
No target in view!
No target in view!
Unknown command.
Are you sure you want to abandon this character and quit the game? (Confirm with "yes".)

##.###.#######
.....#.......#
##.....#####.#
#......####.### #
#.............. .#
##......####.### #.##
#......#####.# ###...#
#.####.......# #..†..#
#...........## #@#
#...##'##...# #.#
#...#...#...# #.#
#.###.8.###.# #.#
#.#.......#.# ##.###
#.#.8.<.8.#.###....####
..#.......#.............
#.###.8.###.###......###
#...#...#...###..#...#


There were no monsters in sight!

Vanquished Creatures
  A rat (D:1)
1 creature vanquished.

Notes
Turn   | Place    | Note
-------+----------+-------------------------------------------
     0 | D:1      | pablusdiablus the Gnoll Wanderer began the quest for the
                  | Orb.
     0 | D:1      | pablusdiablus set off with the following items: a +2
                  | shortbow, 20 arrows, a +0 ring mail, a scroll of
                  | teleportation
     0 | D:1      | Reached XP level 1. HP: 26/26 MP: 1/1
     7 | D:1      | Upgraded the game from 0.28-a0-563-gf77a47075d to
                  | 0.31-a0-986-g5e6e4ef867
   129 | D:1      | Quit the game

Illustrated notes

Levels and vault maps discovered:
D:1:      dpeg_arrival_simpleton_c, layout_loops_corners,
          ebering_ecumenical_altar_webs

Action                     || total
---------------------------++-------
   Fire: Shortbow          ||     1
    Use: Scroll            ||     1

Table legend: (Time is in decaauts)
 A = Elapsed time spent in this place.
 B = Non-inter-level travel time spent in this place.
 C = Inter-level travel time spent in this place.
 D = Time resting spent in this place.
 E = Time spent auto-exploring this place.
 F = Levels seen in this place.
 G = Mean time per level.
                   A        B        C        D        E       F      G
               +--------+--------+--------+--------+--------+-----+--------+
         Total |    129 |    129 |      0 |      0 |    112 |   1 |  129.0 |
       Dungeon |    129 |    129 |      0 |      0 |    112 |   1 |  129.0 |
               +--------+--------+--------+--------+--------+-----+--------+

Top non-repeatable levels by time:
     D:1: 129 daAuts
